 Dungeon Crawl Stone Soup version 0.29.0-4-gdea44cf6ec (webtiles) character file.

Game seed: 17015224752911914716

210 qw the Ruffian (level 5, -1/50 HPs)
             Began as a Troll Cinder Acolyte on Aug 30, 2022.
             Was a High Priest of Ignis.
             Succumbed to a killer bee's poison
             ... on level 3 of the Dungeon.
             The game lasted 00:01:18 (2094 turns).

qw the Ruffian (Troll Cinder Acolyte)               Turns: 2094, Time: 00:01:19

Health: -1/50      AC:  6    Str: 24    XL:     5   Next: 56%
Magic:  5/5        EV:  5    Int: 10    God:    Ignis [*****.]
Gold:   173        SH: 13    Dex:  5    Spells: 6/6 levels left

rFire   + . .      SeeInvis .     - Unarmed
rCold   . . .      Faith    .   m - +0 tower shield
rNeg    . . .      Spirit   .   a - +0 robe
rPois   .          Reflect  +   h - +2 hat
rElec   .          Harm     .   (no cloak)
rCorr   .          Rampage  .   (gloves unavailable)
Will    .....                   (boots unavailable)
Stlth   +.........              d - amulet of reflection
HPRegen 0.96/turn               (no ring)
MPRegen 0.09/turn               (no ring)

@: lethally poisoned (-1 -> -22)
A: large, unfitting armour, claws 3, regeneration 1, shaggy fur 1, tough skin 1
a: Renounce Religion, Fiery Armour, Foxfire Swarm, Rising Flame


You were on level 3 of the Dungeon.
You worshipped Ignis.
Ignis was extremely pleased with you.
You visited 1 branch of the dungeon, and saw 4 of its levels.

You collected 173 gold pieces.


Innate Abilities, Weirdness & Mutations

You are too large for most types of armour.
You have claws for hands.
Your natural rate of healing is unusually fast.
You are covered in fur. (AC +1)
You have tough skin. (AC +1)


   Skills:
 - Level 2.4 Fighting
 + Level 0.0 Shields
 - Level 6.3 Unarmed Combat
 - Level 1.0 Spellcasting
 - Level 2.1 Fire Magic


You had 6 spell levels left.
You didn't know any spells.
Your spell library contained the following spells:

 Spells                   Type           Power      Damage    Failure   Level
 Scorch                   Fire           8%         2d5       89%         2

Inventory:

Missiles
 n - a javelin (quivered)
Armour
 a - a +0 robe (worn)
 h - a +2 hat (worn)
 m - a +0 tower shield (worn)
Jewellery
 d - an amulet of reflection (around neck)
 g - a ring of ice
Scrolls
 k - a scroll of identify
Potions
 c - a potion of mutation
 e - a potion of cancellation {unknown}
 f - a potion of heal wounds
 i - a potion of curing {unknown}
 j - a potion of degeneration {unknown}
 l - a potion of might {unknown}

Dungeon Overview and Level Annotations

Branches:
Dungeon (4/15)
 Temple: D:4-7

Altars:
Vehumet

Annotations:
D:3 2 transporters, qw's ghost, amateur TeWr


Message History

A killer bee comes into view.
You block the killer bee's attack.
The killer bee moves out of view.
2089 ||| STAIRDANCE You climb upwards.
Level annotation: 2 transporters, qw's ghost, amateur TeWr
There is a stone staircase leading down here.
Partly explored, unvisited transporter.
(D) Dungeon
Where to? (* - list waypoints, Enter - D:4, ? - help)
What level of the Dungeon? (default 1, ? - help)
You climb downwards.
The killer bee buzzes angrily.
You hear an angry buzzing noise.
The killer bee stings you.
You are poisoned.
The killer bee poisons you! The killer bee stings you.
You block the killer bee's attack.
The killer bee stings you but does no damage.
The killer bee stings you. You block the killer bee's attack.
The killer bee barely misses you.
A killer bee comes into view.
The killer bee stings you. The killer bee stings you!
You are more poisoned.
The killer bee poisons you! The killer bee stings you.
You block the killer bee's attack. The killer bee stings you.
You are more poisoned.
The killer bee poisons you!
There is a stone staircase leading up, spattered with blood here.
2093 ||| STAIRDANCE You feel extremely sick.
The killer bee stings you. The killer bee barely misses you.
You block the killer bee's attack. The killer bee stings you.
You block the killer bee's attack.
The killer bee stings you but does no damage.
The killer bee stings you.
You are more poisoned.
The killer bee poisons you! The killer bee barely misses you.
You block the killer bee's attack.
You climb upwards.
Level annotation: 2 transporters, qw's ghost, amateur TeWr You die...

#####################
#...................#
#.#################.####
#.# ###..............) #.#
#.?.#########.#### #.#
#y########........
####.#####@y...............
#...%(....yy.%.###...######
#..............# #..##^....
#..........[...# #..#8.##.#
#..........>...# #..#..##.#
#..............###..#......
#........).....##..^#)...^.
#...................#W.....
#.................).#S.# .#


You could see 4 killer bees.

Vanquished Creatures
  A black bear (D:3)
  3 gnolls (D:3)
  2 worms (D:2)
  3 dart slugs
  An orc (D:3)
  5 bats
  6 endoplasms
  3 giant cockroaches
  6 goblins
  7 hobgoblins
  8 jackals
  5 quokkas
  6 ball pythons
  2 frilled lizards (D:2)
  6 kobolds
  2 rats (D:1)
66 creatures vanquished.

Notes
Turn   | Place    | Note
-------+----------+-------------------------------------------
     0 | D:1      | qw the Troll Cinder Acolyte began the quest for the Orb.
     0 | D:1      | Reached XP level 1. HP: 22/22 MP: 1/1
     0 | D:1      | 0 ||| qw: Version: 0.1-a-95-gae9e614
     0 | D:1      | 0 ||| qw: Game counter: 4407
     0 | D:1      | 0 ||| qw: Always use a shield: true
     0 | D:1      | 0 ||| qw: God list: Okawaru
     0 | D:1      | 0 ||| qw: Allow faded altars: false
     0 | D:1      | 0 ||| qw: Do Orc after D:15 true
     0 | D:1      | 0 ||| qw: Do second Lair branch before Depths: true
     0 | D:1      | 0 ||| qw: Lair rune preference: random
     0 | D:1      | 0 ||| qw: Plans: Normal
     0 | D:1      | 0 ||| PLANNING D:1-11
    24 | D:1      | 24 ||| Stepping ~*~*~tactically~*~*~ (stealth).
    29 | D:1      | 29 ||| INVOKING Fiery Armour.
    38 | D:1      | Reached XP level 2. HP: 29/29 MP: 2/2
   434 | D:1      | Reached skill level 4 in Unarmed Combat
   651 | D:1      | 651 ||| READING scroll labelled TEABBI ZOAGA.
   652 | D:1      | 652 ||| READING scroll labelled SOZULE OMMIETA.
   653 | D:1      | 653 ||| READING scroll labelled PUBY WOISH.
   760 | D:2      | 760 ||| Stepping ~*~*~tactically~*~*~ (stealth).
   764 | D:2      | 764 ||| Stepping ~*~*~tactically~*~*~ (stealth).
   768 | D:2      | Reached XP level 3. HP: 34/36 MP: 3/3
  1076 | D:2      | 1076 ||| Stepping ~*~*~tactically~*~*~ (stealth).
  1408 | D:2      | 1408 ||| UPGRADING to amulet of reflection.
  1413 | D:2      | 1413 ||| READING scroll labelled WISYQO TUATT.
  1414 | D:2      | 1414 ||| READING scroll labelled DODDIAK TONKACW.
  1415 | D:2      | 1415 ||| DRINKING 2 metallic grey potions.
  1435 | D:3      | 1435 ||| Stepping ~*~*~tactically~*~*~ (hiding).
  1446 | D:3      | Found a radiant altar of Vehumet.
  1521 | D:3      | Reached XP level 4. HP: 44/44 MP: 4/4
  1571 | D:3      | Noticed a black bear
  1576 | D:3      | Killed a black bear
  1577 | D:3      | Reached skill level 6 in Unarmed Combat
  1577 | D:3      | Reached XP level 5. HP: 48/50 MP: 5/5
  1605 | D:3      | Found a transporter.
  1607 | D:3      | Noticed qw's ghost (amateur TeWr)
  1619 | D:3      | 1619 ||| READING scroll labelled FAT UWEOGGUORCH.
  1619 | D:3      | Identified a scroll of acquirement
  1619 | D:3      | 1619 ||| ACQUIRING +2 hat
  1619 | D:3      | Acquired a +2 hat
  1620 | D:3      | 1620 ||| Stepping randomly (stuck).
  1621 | D:3      | 1621 ||| Stepping randomly (stuck).
  1838 | D:3      | 1838 ||| INVOKING Fiery Armour.
  1849 | D:3      | Found a transporter.
  1901 | D:3      | 1901 ||| Stepping ~*~*~tactically~*~*~ (stealth).
  2063 | D:3      | 2063 ||| UPGRADING to +2 hat.
  2068 | D:3      | 2068 ||| UPGRADING to +0 tower shield.
  2073 | D:3      | 2073 ||| READING 3 scrolls of identify.
  2073 | D:3      | 2073 ||| IDENTIFYING amethyst potion
  2074 | D:3      | 2074 ||| READING 2 scrolls of identify.
  2074 | D:3      | 2074 ||| IDENTIFYING ruby potion
  2075 | D:3      | 2075 ||| DROPPING potion of magic.
  2089 | D:4      | 2089 ||| STAIRDANCE
  2093 | D:4      | 2093 ||| STAIRDANCE
  2093 | D:4      | HP: 12/50 [killer bee (5)]
  2094 | D:3      | Succumbed to a killer bee's poison

Levels and vault maps discovered:
D:1:      dpeg_arrival_windows_large_door, layout_basic
D:2:      layout_basic
D:3:      layout_basic, vehumet_altar_wand_db, gammafunk_ghost_arena
D:4:      layout_loops_ring, ashenzari_conservatory_becter,
          nicolae_overflow_hidden_temple, mainiacjoe_overflow_alcove_1,
          serial_shops, shop

Skill      XL: |  1  2  3  4 |
---------------+-------------+-----
Unarmed Combat | 4 6 |  6.3
Fighting       | |  2.4
Spellcasting   | |  1.0
Fire Magic     | |  2.1

Action                   |  1- 3 |  4- 6 || total
-------------------------+-------+-------++-------
Melee: Unarmed           |   102 |    42 ||   144
       Punch             |     2 |       ||     2
Throw: Javelin           |       |     3 ||     3
Invok: Fiery Armour      |     1 |     1 ||     2
  Use: Scroll            |     5 |     3 ||     8
       Potion            |     1 |       ||     1
Armor: Robe              |    33 |    13 ||    46
Dodge: Dodged            |    26 |    12 ||    38
Block: Other             |     4 |     8 ||    12
       Tower shield      |       |     7 ||     7

Table legend:
 A = Non-vault XP
 B = Vault XP
 C = Vault XP percentage of total XP
 D = Non-vault monster count
 E = Vault monster count
 F = Vault count percentage of total count
                 A         B        C        D         E       F
            +---------+---------+-------+---------+---------+-------
      Total |     298 |       2 |   0.7 |      65 |       1 |   1.5
            +---------+---------+-------+---------+---------+-------
        D:1 |      35 |       0 |   0.0 |      19 |       0 |   0.0
        D:2 |      54 |       0 |   0.0 |      26 |       0 |   0.0
        D:3 |     209 |       2 |   0.9 |      20 |       1 |   4.8
            +---------+---------+-------+---------+---------+-------
